 Dungeon Crawl Stone Soup version 0.31-a0-986-g5e6e4ef867 (webtiles) character file.

Game seed: 9215550164172799172

6939 serber55 the Geomancer (level 11, -4/74 HPs)
             Began as an Octopode Earth Elementalist on Nov 17, 2023.
             Was a High Priest of Jiyva.
             Slain by a five-headed hydra (11 damage)
             ... on level 8 of the Dungeon.
             The game lasted 00:28:40 (7220 turns).

serber55 the Geomancer (OpEE)                       Turns: 7220, Time: 00:28:40

Health: -4/74      AC:  3    Str: 10    XL:     11   Next: 7%
Magic:  9/20       EV: 18    Int: 22    God:    Jiyva [*****.]
Gold:   248        SH:  5    Dex: 20    Spells: 8/22 levels left

rFire   . . .        y - +9 sword of Zonguldrok {reap}
rCold   . . .        (no shield)
rNeg    . . .        (helmet restricted)
rPois   .            C - amulet of reflection
rElec   .            t - +6 ring of intelligence
rCorr   +            (no ring)
SInv    .            (no ring)
Will    .....        (no ring)
Stlth   +++          (no ring)
HPRegen 1.76/turn    (no ring)
MPRegen 0.62/turn    (no ring)
                     (no ring)

%: reflection, clarity
@: very slightly contaminated
A: almost no armour, amphibious, 8 rings, camouflage 1, gelatinous body 1,
(nimble swimmer 1), tentacles, antennae 1, iridescent scales 1, agile 2,
clarity, wild magic 3
a: Renounce Religion, Oozemancy, Slimify


You were on level 8 of the Dungeon.
You worshipped Jiyva.
Jiyva was extremely pleased with you.
You visited 1 branch of the dungeon, and saw 8 of its levels.
You also visited: Ossuary.

You collected 248 gold pieces.

Inventory:

Hand Weapons
 i - a +2 short sword of freezing
 m - the +2 hand axe "Zoevvu" {flame, rF- Dex+5 Stlth+}
   (You found it on level 3 of the Dungeon)

   Dex+5:     It affects your dexterity (+5).
   rF-:       It makes you vulnerable to fire.
   Stlth+:    It makes you more stealthy.
 y - the +9 sword of Zonguldrok (weapon) {reap}
   (You found it on level 7 of the Dungeon)
Missiles
 b - 19 poisoned darts (quivered)
 B - 3 throwing nets
Jewellery
 q - an amulet of magic regeneration
 t - a +6 ring of intelligence (left tentacle)
 C - an amulet of reflection (around mantle)
Wands
 e - a wand of paralysis (12)
 v - a wand of flame (27)
Scrolls
 f - 2 scrolls of noise
 g - 2 scrolls of teleportation
 l - 3 scrolls of immolation
 n - a scroll of amnesia
 s - 2 scrolls of enchant armour
 w - 2 scrolls of poison
 A - a scroll of revelation
 D - a scroll of blinking
Potions
 a - a potion of magic
 d - 4 potions of enlightenment
 h - 4 potions of heal wounds
 j - 2 potions of brilliance
 k - 2 potions of attraction
 o - 2 potions of mutation
 p - 2 potions of haste
 r - a potion of berserk rage {unknown}
 u - 2 potions of might {unknown}
 x - a potion of invisibility {unknown}
 z - 3 potions of curing {unknown}


   Skills:
 + Level 6.8 Fighting
 + Level 7.1 Dodging
 - Level 2.6 Stealth
 + Level 6.4 Spellcasting
 + Level 6.4 Conjurations
 - Level 1.0 Transmutations
 * Level 10.3 Earth Magic


You had 8 spell levels left.
You knew the following spells:

 Your Spells              Type           Power      Damage    Failure   Level
a - Sandblast             Erth           100%       2d20      2%          1
b - Passwall              Tmut/Erth      47%        N/A       8%          2
c - Stone Arrow           Conj/Erth      100%       3d13      6%          3
d - Brom's Barrelling Bo  Conj/Erth      70%        2d8       12%         4
e - Petrify               Tmut/Erth      57%        N/A       26%         4

Your spell library contained the following spells:

 Spells                   Type           Power      Damage    Failure   Level
 Kiss of Death            Conj/Necr      100%       2d13      11%         1
 Ensorcelled Hibernation  Hex/Ice        26%        N/A       34%         2
 Jinxbite                 Hex            26%        N/A       34%         2
 Confusing Touch          Hex            13%        N/A       52%         3
 Ozocubu's Armour         Ice            13%        N/A       52%         3
 Anguish                  Hex/Necr       6%         N/A       86%         4
 Dispel Undead            Necr           13%        3d9       86%         4
 Metabolic Englaciation   Hex/Ice        6%         N/A       99%         5
 Simulacrum               Ice/Necr       6%         N/A       100%        6
 Ozocubu's Refrigeration  Ice            6%         4d8       100%        7


Dungeon Overview and Level Annotations

Branches:
Dungeon (8/15)             Temple (0/1) D:7         Ossuary (visited)
   Lair: D:8-11

Altars:
Ashenzari
Dithmenos
Fedhas
Gozag
Kikubaaqudgha
Nemelex Xobeh
Sif Muna
Yredelemnul
Zin
The Shining One
Jiyva

Shops:
D:3 (


Innate Abilities, Weirdness & Mutations

You cannot wear most types of armour.
You are amphibious.
You can wear up to eight rings at the same time.
Your skin changes colour to match your surroundings (Stealth+).
Your rubbery body absorbs attacks. (AC +1, EV +1)
((You are camouflaged when in or above water. (Stealth+)))
You have tentacles for arms and can constrict up to eight enemies at once.
You have a pair of small antennae on your head.
You are partially covered in iridescent scales. (AC +2)
You are very agile. (Dex +8, Str/Int -2)
You possess an exceptional clarity of mind.
Your spells are much harder to cast, but much more powerful.


Message History

Unknown command.
Casting: Stone Arrow (dangerous; 6% risk of failure)
Confirm with . or Enter, or press ? or * to list all spells.
Aiming: Stone Arrow (dangerous; 6% risk of failure)
Press: ? - help, Shift-Dir - straight line, f/p - five-headed hydra
Aim: a five-headed hydra (moderately wounded, ally target, 92% to hit)
The stone arrow hits the five-headed hydra!
The five-headed hydra is heavily wounded.
The five-headed hydra bites you. The five-headed hydra bites you!
You block the five-headed hydra's attack.
The five-headed hydra closely misses you.
The five-headed hydra misses you.
The gnoll sergeant hits you from afar with a +0 spear.
Your howler monkey zombie hits the gnoll sergeant but does no damage.
Unknown command.
Casting: Stone Arrow (dangerous; 6% risk of failure)
Confirm with . or Enter, or press ? or * to list all spells.
Aiming: Stone Arrow (dangerous; 6% risk of failure)
Press: ? - help, Shift-Dir - straight line, f/p - five-headed hydra
Aim: a five-headed hydra (heavily wounded, ally target, 92% to hit)
The stone arrow hits the five-headed hydra!!
The five-headed hydra is almost dead.
The five-headed hydra completely misses you.
The five-headed hydra bites you! The five-headed hydra misses you.
The five-headed hydra bites you! x2
The gnoll sergeant hits you from afar with a +0 spear!
* * * LOW HITPOINT WARNING * * *
Your howler monkey zombie hits the gnoll sergeant but does no damage.
Unknown command.
Casting: Stone Arrow (dangerous; 6% risk of failure)
Confirm with . or Enter, or press ? or * to list all spells.
Aiming: Stone Arrow (dangerous; 6% risk of failure)
Press: ? - help, Shift-Dir - straight line, f/p - five-headed hydra
Aim: a five-headed hydra (almost dead, ally target, 92% to hit)
You miscast Stone Arrow.
You are very lightly contaminated with residual magic.
Nothing appears to happen.
The five-headed hydra bites you!
* * * LOW HITPOINT WARNING * * *
The five-headed hydra bites you!
You die...

..#_#..#...##.#.##..........)..#
..#'#..#.### #.##.............#
......##)# # #.##......J......#
......##.# #.#.##......≈......#
########.# #.#.##......≈§§§...#
#.# #..Z.##...≈§§§≈...## #.#
#..g##....J≈§....# #.#
##.D.##...§≈....## #.#
##@#####.....### #.#
#.##.####J###
#.#######....#....#
########............#..###
<......................#
##.################....# #..#
#..#.# ###.### ##...# .....P##
###.#


You could see a five-headed hydra (ally target), a gnoll sergeant and a friendly
howler monkey zombie.

Vanquished Creatures
  A two-headed ogre (D:8)
  The ghost of gdog the Covert, a novice GnDe of Ashenzari (D:8)
  The ghost of pokeman the Thaumaturge, a novice DEHW of Vehumet (D:8)
  Pikel (D:4)
  An elephant (D:8)
  A komodo dragon (D:8)
  A hornet (D:8)
  Grinder (D:4)
  A wraith (Ossuary)
  5 yaks
  A steam dragon (D:7)
  Edmund (D:5)
  2 water moccasins
  2 ice beasts (D:6)
  3 black bears
  An ogre (D:5)
  A centaur (D:8)
  2 lemures (D:4)
  2 kobold brigands
  2 phantoms
  4 bullfrogs
  5 scorpions
  4 howler monkeys
  A hound (D:6)
  Crazy Yiuf (D:5)
  5 orc priests
  Ijyb (D:4)
  4 iguanas
  5 orc wizards
  2 sleepcaps
  3 mummies (Ossuary)
  10 gnolls
  4 adders
  3 shadow imps
  A white imp (D:7)
  3 worms
  16 orcs
  2 ball pythons
  2 endoplasms (D:1)
  2 giant cockroaches (D:1)
  6 goblins
  10 hobgoblins
  3 jackals (D:3)
  13 kobolds
  5 quokkas
  7 bats
  5 frilled lizards
  2 goblin zombies (Ossuary)
  2 hobgoblin zombies (Ossuary)
  A kobold zombie (Ossuary)
  3 orc zombies
  4 rats
170 creatures vanquished.

Vanquished Creatures (collateral kills)
  A yak (D:8)
  An acid dragon (D:8)
  A centaur (D:8)
  A kobold (D:7)
  5 boulders
9 creatures vanquished.

Vanquished Creatures (others)
  An ogre (D:5)
  A centaur (D:6)
  A scorpion (D:4)
  11 jellies
  A howler monkey (D:8)
  A hound (D:6)
  An orc priest (D:5)
  An iguana (D:4)
  2 orc wizards (D:5)
  Robin (D:3)
  2 gnolls
  3 adders
  5 orcs
  A ball python (D:2)
  A bat (D:2)
  2 hobgoblins
  5 goblins (D:3)
  6 kobolds
  2 rats (D:3)
  5 boulders
53 creatures vanquished.

Grand Total: 232 creatures vanquished

Notes
Turn   | Place    | Note
-------+----------+-------------------------------------------
     0 | D:1      | serber55 the Octopode Earth Elementalist began the quest
                  | for the Orb.
     0 | D:1      | Reached XP level 1. HP: 11/11 MP: 3/3
   111 | D:1      | Reached XP level 2. HP: 18/18 MP: 1/5
   253 | D:1      | Learned a level 2 spell: Passwall
   803 | D:2      | Reached XP level 3. HP: 18/22 MP: 2/6
   877 | D:2      | Found a faded altar of an unknown god.
   881 | D:2      | Prayed at the altar of an unknown god.
   881 | D:2      | Became a worshipper of Jiyva Jocyrimp the Shapeless
   881 | D:2      | Reached * piety under Jiyva
   983 | D:2      | Reached skill level 1 in Fighting
  1086 | D:2      | Learned a level 3 spell: Stone Arrow
  1454 | D:2      | Reached ** piety under Jiyva
  1689 | D:3      | Noticed a scorpion
  1703 | D:3      | Killed a scorpion
  1704 | D:3      | Reached skill level 4 in Earth Magic
  1704 | D:3      | Reached XP level 4. HP: 13/28 MP: 3/7
  1721 | D:3      | Identified the +2 hand axe "Zoevvu" {flame, rF- Dex+5
                  | Stlth+}
  1775 | D:3      | Found Vokuppir's Antique Weapon Shoppe.
  1961 | D:3      | Reached *** piety under Jiyva
  1961 | D:3      | Gained mutation: Your spells are a little harder to cast,
                  | but a little more powerful. [Jiyva's grace]
  1961 | D:3      | Gained mutation: Your spells are harder to cast, but more
                  | powerful. [Jiyva's grace]
  1961 | D:3      | Gained mutation: Your spells are much harder to cast, but
                  | much more powerful. [Jiyva's grace]
  1961 | D:3      | Gained mutation: Your mind is acute. (Int +4, Str/Dex -1)
                  | [Jiyva's grace]
  2433 | D:3      | Killed Robin
  2836 | D:4      | Noticed Grinder
  2848 | D:4      | Noticed a phantom
  2853 | D:4      | Killed a phantom
  2854 | D:4      | Reached skill level 1 in Conjurations
  2854 | D:4      | Reached XP level 5. HP: 32/34 MP: 6/9
  2883 | D:4      | Noticed Ijyb
  2885 | D:4      | Killed Ijyb
  3008 | D:4      | Found a sand-covered staircase.
  3018 | D:4      | Reached XP level 6. HP: 35/39 MP: 10/10
  3021 | Ossuary  | Entered an ossuary
  3021 | Ossuary  | Noticed a wraith
  3021 | Ossuary  | Noticed a wraith
  3021 | Ossuary  | Noticed a wraith
  3105 | Ossuary  | Noticed a wraith
  3109 | Ossuary  | Killed a wraith
  3125 | Ossuary  | Learned a level 4 spell: Brom's Barrelling Boulder
  3356 | Ossuary  | Reached skill level 5 in Earth Magic
  3581 | D:4      | Paralysed by Grinder for 2 turns
  3594 | D:4      | Killed Grinder
  3595 | D:4      | Reached XP level 7. HP: 46/46 MP: 8/12
  3615 | D:4      | Noticed Pikel
  3624 | D:4      | Killed Pikel
  3625 | D:4      | Reached skill level 6 in Earth Magic
  3625 | D:4      | Reached XP level 8. HP: 54/54 MP: 13/13
  4120 | D:5      | Entered Level 5 of the Dungeon
  4203 | D:5      | Noticed Edmund
  4209 | D:5      | Killed Edmund
  4229 | D:5      | Reached **** piety under Jiyva
  4394 | D:5      | Reached skill level 7 in Earth Magic
  4587 | D:5      | Found a broken altar of Ashenzari.
  4647 | D:5      | Lost mutation: Your mind is acute. (Int +4, Str/Dex -1)
                  | [Jiyva's grace]
  4647 | D:5      | Gained mutation: You possess an exceptional clarity of
                  | mind. [Jiyva's grace]
  4647 | D:5      | Gained mutation: You are agile. (Dex +4, Str/Int -1)
                  | [Jiyva's grace]
  4647 | D:5      | Gained mutation: You are very agile. (Dex +8, Str/Int -2)
                  | [Jiyva's grace]
  4647 | D:5      | Gained mutation: You have hidden genetic potential.
                  | [Jiyva's grace]
  4655 | D:5      | Learned a level 4 spell: Petrify
  4774 | D:5      | Found a runed translucent door.
  4775 | D:5      | Noticed Crazy Yiuf
  4779 | D:5      | Killed Crazy Yiuf
  4780 | D:5      | Reached XP level 9. HP: 59/59 MP: 11/15
  4938 | D:6      | Reached skill level 5 in Dodging
  4971 | D:6      | Found an opulent altar of Gozag.
  5492 | D:6      | Found a basalt altar of Yredelemnul.
  5492 | D:6      | Found a shadowy altar of Dithmenos.
  5492 | D:6      | Found a shimmering blue altar of Sif Muna.
  5492 | D:6      | Found a blossoming altar of Fedhas.
  5510 | D:6      | Found an ancient bone altar of Kikubaaqudgha.
  5512 | D:6      | Found a glowing silver altar of Zin.
  5659 | D:6      | Found a glowing golden altar of the Shining One.
  5798 | D:7      | Reached skill level 5 in Fighting
  5803 | D:7      | Found the +9 sword of Zonguldrok {reap}
  5841 | D:7      | Reached skill level 8 in Earth Magic
  5849 | D:7      | Gained mutation: You are partially covered in iridescent
                  | scales. (AC +2) [hidden potential]
  5893 | D:7      | Reached skill level 5 in Spellcasting
  6003 | D:7      | Reached ***** piety under Jiyva
  6256 | D:7      | Found a staircase to the Ecumenical Temple.
  6448 | D:8      | Reached skill level 5 in Conjurations
  6456 | D:8      | Reached XP level 10. HP: 68/68 MP: 3/18
  6487 | D:8      | Reached skill level 9 in Earth Magic
  6537 | D:8      | Noticed an elephant
  6576 | D:8      | Killed an elephant
  6590 | D:8      | Gained mutation: You have a pair of small antennae on your
                  | head. [hidden potential]
  6590 | D:8      | Lost mutation: You have hidden genetic potential. [hidden
                  | potential expressed]
  6676 | D:8      | Noticed a two-headed ogre
  6691 | D:8      | Killed a two-headed ogre
  6725 | D:8      | Found a sparkling altar of Nemelex Xobeh.
  6830 | D:8      | Found a runed translucent gate.
  6830 | D:8      | Found a runed translucent gate.
  6831 | D:8      | Found a runed translucent gate.
  6831 | D:8      | Noticed gdog's ghost (novice GnDe)
  6831 | D:8      | Noticed pokeman's ghost (novice DEHW)
  6847 | D:8      | Killed gdog's ghost
  6856 | D:8      | Killed pokeman's ghost
  6857 | D:8      | Reached skill level 10 in Earth Magic
  7084 | D:8      | Paralysed by a hornet for 2 turns
  7090 | D:8      | Reached XP level 11. HP: 59/74 MP: 20/20
  7211 | D:8      | Noticed a five-headed hydra
  7220 | D:8      | Slain by a five-headed hydra

Illustrated notes

Levels and vault maps discovered:
D:1:      minmay_arrival_arboretum_small, layout_rooms, minivault_23,
          minmay_misc_feat_x, kennysheep_doodads,
          hangedman_decor_diamond_cutter, grunt_decor_clamped
D:2:      layout_loops_corners, chequers_ecumenical_altar_simple_redux,
          minmay_heptomino_d4
D:3:      layout_basic, serial_shops, shop, uniq_robin
D:4:      layout_basic, enter_ossuary_3, uniq_grinder, uniq_ijyb, uniq_pikel
D:5:      minmay_general_purpose_star, layout_loops_cross, ashenzari_altar_1,
          uniq_edmund, uniq_crazy_yiuf_cottage
D:6:      layout_basic, grunt_gozag_statues, mainiacjoe_overflow_alcove_1,
          chequers_temple_overflow_statue_of_worship,
          nicolae_overflow_hidden_temple
D:7:      layout_loops_ring, minmay_temple_entry_antechambers, sigmund_army
D:8:      layout_basic, kennysheep_mini_moat, grunt_lair_entry_orc_guard_hut,
          gammafunk_ghost_cemetery, grunt_potential

Skill      XL: |  1  2  3  4  5  6  7  8  9 10 |
---------------+-------------------------------+-----
Fighting       | 1 2 3 4 5 6 |  6.8
Earth Magic    | 4 5 6 7 8 10 | 10.3
Dodging        | 3 4 6 7 |  7.1
Conjurations   | 1 2 3 4 5 6 |  6.4
Spellcasting   | 3 4 5 6 |  6.4
Stealth        | |  2.6
Transmutations | |  1.0

Action                     |  1- 3 |  4- 6 |  7- 9 | 10-12 || total
---------------------------+-------+-------+-------+-------++-------
  Melee: Unarmed           |     2 |       |       |       ||     2
         Constrict         |     4 |     8 |     4 |       ||    16
         Tentacles         |     4 |     4 |     1 |       ||     9
         Dagger            |     2 |       |       |       ||     2
         Short sword       |    13 |       |       |       ||    13
         Hand axe          |       |    28 |     8 |       ||    36
         Double sword      |       |       |       |     2 ||     2
  Throw: Dart              |     2 |       |     1 |     1 ||     4
   Cast: Sandblast         |    41 |    26 |    68 |    38 ||   173
         Stone Arrow       |       |       |    21 |    25 ||    46
         Brom's Barrelling |       |       |     7 |     5 ||    12
 Invoke: Oozemancy         |       |     1 |     2 |       ||     3
    Use: Scroll            |     4 |     7 |     2 |     2 ||    15
         Potion            |       |       |     1 |     2 ||     3
   Stab: Sleeping          |     3 |     5 |       |       ||     8
 Armour: Skin              |    18 |    11 |    17 |    47 ||    93
  Dodge: Dodged            |    22 |    31 |    21 |    39 ||   113
  Block: Other             |       |       |       |     6 ||     6

Table legend: (Time is in decaauts)
 A = Elapsed time spent in this place.
 B = Non-inter-level travel time spent in this place.
 C = Inter-level travel time spent in this place.
 D = Time resting spent in this place.
 E = Time spent auto-exploring this place.
 F = Levels seen in this place.
 G = Mean time per level.
                   A        B        C        D        E       F      G
               +--------+--------+--------+--------+--------+-----+--------+
         Total |   7305 |   7048 |    257 |    741 |   4969 |   9 |  811.7 |
       Dungeon |   6731 |   6474 |    257 |    538 |   4818 |   8 |  841.4 |
       Ossuary |    573 |    573 |      0 |    203 |    151 |   1 |  573.0 |
               +--------+--------+--------+--------+--------+-----+--------+

Top non-repeatable levels by time:
     D:3: 1219 daAuts
     D:1: 843 daAuts
     D:6: 832 daAuts
     D:5: 808 daAuts
     D:2: 786 daAuts
     D:8: 785 daAuts
     D:4: 744 daAuts
     D:7: 712 daAuts
 Ossuary: 573 daAuts
